 Dungeon Crawl Stone Soup version 0.28-a0-1032-ga8db75c868 (webtiles) character file.

Game seed: 8952558543886730332

18 DrunkBamboolord the Skirmisher (level 2, -1/37 HPs)
             Began as a Palentonga Abyssal Knight on Dec 7, 2021.
             Was a Follower of Lugonu.
             Succumbed to an adder's poison
             ... on level 1 of the Dungeon.
             The game lasted 00:03:11 (1140 turns).

DrunkBamboolord the Skirmisher (PaAK)               Turns: 1140, Time: 00:03:11

Health: -1/37      AC:  4    Str: 16    XL:     2   Next: 51%
Magic:  3/3        EV:  8    Int: 10    God:    Lugonu [*.....]
Gold:   14         SH:  3    Dex: 10    Spells: 1/1 levels left

rFire   . . .      SeeInvis +   a - +1 hand axe
rCold   . . .      Faith    .   f - +0 buckler
rNeg    . . .      Spirit   .   b - +0 leather armour
rPois   .          Reflect  .   (no helmet)
rElec   .          Harm     .   (no cloak)
rCorr   .          Rampage  .   (no gloves)
Will    .....                   (no barding)
Stlth   ..........              (no amulet)
HPRegen 0.12/turn               (no ring)
MPRegen 0.08/turn               (no ring)

@: berserking, lethally poisoned (-1 -> -7), very quick
A: large, rugged brown scales 3, see invisible, deformed body, roll 1, armoured
tail
a: Rolling Charge, Renounce Religion, Depart the Abyss


You were on level 1 of the Dungeon.
You worshipped Lugonu.
Lugonu was aware of your devotion.
You visited 1 branch of the dungeon, and saw 2 of its levels.
You visited the Abyss 1 time.

You collected 14 gold pieces.

Inventory:

Hand Weapons
 a - a +1 hand axe (weapon)
Armour
 b - a +0 leather armour (worn)
 f - a +0 buckler (worn)
Jewellery
 d - an amulet of faith
Potions
 c - a potion of curing {unknown}
 g - a potion of degeneration {unknown}
 h - a potion of haste {unknown}


   Skills:
 * Level 3.4 Fighting
 * Level 2.3 Axes
 * Level 1.7 Armour
 - Level 0.7 Dodging
 * Level 2.1 Invocations


You had one spell level left.
You didn't know any spells.
Your spell library was empty.

Dungeon Overview and Level Annotations

Branches:
Dungeon (2/15)

Altars:


Innate Abilities, Weirdness & Mutations

You are completely covered in rugged brown scales. (AC +3, +7% HP)
You have supernaturally acute eyesight. (SInv)
Armour fits poorly on your strangely shaped body.
You can roll at nearby foes to attack.
You have a long armoured tail.


Message History

You are poisoned.
The adder poisons you!
You feel sick. The adder bites you.
You feel sick.
You feel sick.
A hobgoblin comes into view.
You feel sick.
There is a stone staircase leading up here.
You feel sick.
The adder bites you but does no damage. x2
You climb upwards.
You feel sick.
You are no longer poisoned.
There is a stone staircase leading down here.
You completely miss the adder. The adder bites you but does no damage.
You hit the adder.
Your tail-slap misses the adder.
The adder is heavily wounded.
The adder bites you.
You are poisoned.
The adder poisons you! The adder bites you but does no damage.
You closely miss the adder.
The adder is heavily wounded.
You feel sick. The adder bites you. x2
* * * LOW HITPOINT WARNING * * *
You are lethally poisoned!
The adder poisons you!
You closely miss the adder.
The adder is heavily wounded.
* * * LOW HITPOINT WARNING * * *
You feel very sick. The adder barely misses you.
It was a potion of berserk rage.
A red film seems to cover your vision as you go berserk!
You feel yourself moving faster!
You feel mighty!
* * * LOW HITPOINT WARNING * * *
You feel sick. You block the adder's attack. The adder bites you.
* * * LOW HITPOINT WARNING * * *
You are too berserk!
You are too berserk!
You barely miss the adder.
The adder is heavily wounded.
You die...

....##...........................
....##............########.######
........########'## #†# ........#
#.# #.# ........# #.# #.#
###.....# #.# #.# ##....# #.# #.#
####....########.# #.#
...............S@# #.######
#######......#...# #.......
........####.#...# #######.
#######.## #.#...# #. #..#
#.#...####### #.
#######..###.#.........#### #.
.............#...####..##.# #.
########..##.#..## #..##.### #.
##.##.#..#####..##...####.


You could see an adder.

Vanquished Creatures
  A ball python (D:1)
  5 endoplasms (D:1)
  A giant cockroach (D:1)
  3 hobgoblins (D:1)
  A quokka (D:1)
  2 bats (D:1)
  A frilled lizard (D:1)
  A rat (D:1)
15 creatures vanquished.

Notes
Turn   | Place    | Note
-------+----------+-------------------------------------------
     0 | Abyss:1  | DrunkBamboolord the Palentonga Abyssal Knight began the
                  | quest for the Orb.
     0 | Abyss:1  | Reached XP level 1. HP: 19/19 MP: 2/2
    58 | Abyss:1  | Noticed an iron imp
    63 | Abyss:1  | Noticed a large abomination
    85 | D:1      | Escaped the Abyss
   182 | D:1      | Reached XP level 2. HP: 6/25 MP: 3/3
  1139 | D:1      | HP: 1/37 [adder (2)]
  1140 | D:1      | Succumbed to an adder's poison

Illustrated notes

Levels and vault maps discovered:
D:1:      dpeg_arrival_arbitrary_a, layout_basic
D:2:      layout_rooms, hellmonk_ecumenical_altar_run_dry, basic_altar,
          chequers_serial_rivers_room_a, minmay_circled_x, uniq_natasha

Action                   || total
-------------------------++-------
Melee: Hand axe          ||    40
       Tailslap          ||     5
 Abil: Rolling Charge    ||    15
  Use: Scroll            ||     1
       Potion            ||     1
Armor: Leather armour    ||    17
Dodge: Dodged            ||    14
Block: Buckler           ||     1

Table legend: (Time is in decaauts)
 A = Elapsed time spent in this place.
 B = Non-inter-level travel time spent in this place.
 C = Inter-level travel time spent in this place.
 D = Time resting spent in this place.
 E = Time spent auto-exploring this place.
 F = Levels seen in this place.
 G = Mean time per level.
                   A        B        C        D        E       F      G
               +--------+--------+--------+--------+--------+-----+--------+
         Total |   1149 |   1134 |     15 |      0 |    915 |   3 |  383.0 |
       Dungeon |   1064 |   1049 |     15 |      0 |    915 |   2 |  532.0 |
         Abyss |     85 |     85 |      0 |      0 |      0 |   1 |   85.0 |
               +--------+--------+--------+--------+--------+-----+--------+

Top non-repeatable levels by time:
     D:1: 1055 daAuts
 Abyss:1: 85 daAuts
     D:2: 9 daAuts
